 Dungeon Crawl Stone Soup version 0.30-a0-297-g0ec75d9ef4 (webtiles) character file.

Game seed: 7030151749414484301

69 blackman the Sneak (level 4, 0/35 HPs)
             Began as a Human Delver on Oct 20, 2022.
             Was an Initiate of Ashenzari.
             Slain by Sigmund
             ... wielding a +1 scythe of freezing
              (10 damage)
             ... on level 2 of the Dungeon.
             The game lasted 00:04:31 (1527 turns).

blackman the Sneak (Human Delver)                   Turns: 1527, Time: 00:04:32

Health: 0/35       AC:  3    Str: 12    XL:     4   Next: 42%
Magic:  4/4        EV: 12    Int: 13    God:    Ashenzari [......]
Gold:   116        SH:  0    Dex: 14    Spells: 3/3 levels left

rFire   . . .      SeeInvis .    a - +0 falchion
rCold   . . .      Faith    .    (no shield)
rNeg    . . .      Spirit   .    b - +0 leather armour of Ashenzari's Omen {Evo, Melee} (curse)
rPois   .          Reflect  .    (no helmet)
rElec   .          Harm     .    (no cloak)
rCorr   .          Rampage  .    (no gloves)
Will    .....                    (no boots)
Stlth   +.........               (no amulet)
HPRegen 0.25/turn                (no ring)
MPRegen 0.09/turn                (no ring)

@: confused, hasted, very quick
A: no striking features
a: Renounce Religion, Curse Item, Shatter the Chains


You were on level 2 of the Dungeon.
You worshipped Ashenzari.
Ashenzari was noncommittal.
You visited 1 branch of the dungeon, and saw 5 of its levels.

You collected 116 gold pieces.

Inventory:

Hand Weapons
 a - a +0 falchion (weapon)
Armour
 b - the cursed +0 leather armour of Ashenzari's Omen (worn) {Evo, Melee}

   It has a curse which improves the following skills: Evocations: Evocations.
   Melee Combat: Short Blades, Long Blades, Axes, Maces & Flails, Polearms,
   Staves and Unarmed Combat.
Wands
 g - a wand of digging (3)
Scrolls
 c - a scroll of fog
 d - a scroll of magic mapping
 e - a scroll of acquirement {unknown}
 i - 2 scrolls of enchant armour {unknown}
 j - a scroll of noise {unknown}
 k - 3 scrolls of identify {unknown}
 l - 5 scrolls of teleportation {unknown}
 m - a scroll of immolation {unknown}
 q - a scroll of fear
 t - a scroll of torment {unknown}
Potions
 h - a potion of berserk rage {unknown}
 n - a potion of might {unknown}
 o - a potion of brilliance {unknown}
 p - a potion of lignification {unknown}
 r - 2 potions of curing {unknown}
 s - a potion of mutation {unknown}


   Skills:
 - Level 3.0 Fighting
 + Level 4.3(4.8) Long Blades
 - Level 2.0 Dodging
 - Level 5.0 Stealth


You had 3 spell levels left.
You didn't know any spells.
Your spell library contained the following spells:

 Spells                   Type           Power      Damage    Failure   Level
 Apportation              Tloc           0%         N/A       36%         1
 Kiss of Death            Conj/Necr      0%         2d5       36%         1
 Necrotise                Necr           0%         1d4       36%         1
 Sandblast                Erth           0%         2d4       36%         1
 Summon Small Mammal      Summ           0%         N/A       36%         1
 Passwall                 Tmut/Erth      0%         N/A       52%         2
 Confusing Touch          Hex            0%         N/A       75%         3
 Stone Arrow              Conj/Erth      0%         3d7       75%         3
 Dispel Undead            Necr           0%         3d6       98%         4


Dungeon Overview and Level Annotations

Branches:
Dungeon (5/15)
 Temple: D:4-7

Altars:
Ashenzari
Trog

Annotations:
D:2 Sigmund


Message History

Level annotation: Sigmund
There is a stone staircase leading up here.
You hit Sigmund. You punch Sigmund.
Sigmund is lightly wounded.
Sigmund closely misses you.
You hit Sigmund but do no damage.
Sigmund is lightly wounded.
You closely miss Sigmund. Your punch misses Sigmund.
Sigmund is lightly wounded.
Sigmund hits you with a +1 scythe of freezing!
Sigmund freezes you.
You hit Sigmund.
Sigmund is moderately wounded.
You closely miss Sigmund.
Sigmund is moderately wounded.
Sigmund says, "Look into my eyes."
Sigmund gestures at you while chanting.
You are confused.
You're too confused to move!
Sigmund hits you with a +1 scythe of freezing.
Sigmund freezes you.
You see here a +0 club.
You closely miss Sigmund.
Sigmund is moderately wounded.
Sigmund giggles. "Time to reap what you sow."
Sigmund hits you from afar with a +1 scythe of freezing.
Sigmund freezes you.
You're too confused to move!
Sigmund gestures at you while chanting.
You are more confused.
Sigmund hits you with a +1 scythe of freezing.
* * * LOW HITPOINT WARNING * * *
Sigmund freezes you.
* * * LOW HITPOINT WARNING * * *
You hit Sigmund.
Sigmund is heavily wounded.
Unknown command.
Sigmund barely misses you.
Sigmund hits you from afar with a +1 scythe of freezing!
You die...

.....## #..#.# .....#
#>#.# .....#
#...######### .....#
#..#........# .....#
#..#........#
.....#######..#........#
.?...............@..<..#
............###...)....#
.........).## #.@......#
........# #........#
#....@..# #........#
#.......# ##########
#......K# #.......#
#.......# #.......#


You could see Sigmund.

Vanquished Creatures
  2 adders
  5 dart slugs
  5 ball pythons
  4 bats (D:1)
  4 endoplasms
  A giant cockroach (D:2)
  5 goblins
  A hobgoblin (D:1)
  5 kobolds
  3 quokkas
  4 rats
39 creatures vanquished.

Notes
Turn   | Place    | Note
-------+----------+-------------------------------------------
     0 | D:5      | blackman the Human Delver began the quest for the Orb.
     0 | D:5      | Reached XP level 1. HP: 18/18 MP: 1/1
   174 | D:5      | Noticed a hound
   178 | D:5      | Found a broken altar of Ashenzari.
   194 | D:5      | Became a worshipper of Ashenzari the Shackled
   235 | D:5      | Noticed a black bear
   336 | D:3      | Reached XP level 2. HP: 21/24 MP: 2/2
   365 | D:2      | Reached XP level 3. HP: 25/29 MP: 3/3
   368 | D:2      | Found a bloodstained altar of Trog.
   752 | D:1      | Reached XP level 4. HP: 35/35 MP: 4/4
  1339 | D:2      | Noticed Sigmund
  1527 | D:2      | Slain by Sigmund

Illustrated notes

Levels and vault maps discovered:
D:1:      denvon_arrival_hothouse, layout_basic, kennysheep_flooded_box
D:2:      layout_rooms, shapermc_ecumenical_altar_petra, basic_altar,
          uniq_sigmund
D:3:      layout_loops_cross, zin_angel, serial_shops, nicolae_shop_crystal,
          uniq_natasha
D:4:      layout_loops_ring, mainiacjoe_overflow_catwalk,
          minmay_temple_entry_offerings, nicolae_ossuary_entry_catacombs,
          minmay_diced_spiral
D:5:      layout_basic, evilmike_ruin_ashenzari, nicolae_wu_jian_wuxing_cycle

Skill      XL: |  1  2  3 |
---------------+----------+-----
Long Blades    | 3 4 |  4.3
Fighting       | |  3.0
Dodging        | |  2.0
Stealth        | |  5.0

Action                   |  1- 3 |  4- 6 || total
-------------------------+-------+-------++-------
Melee: Falchion          |    76 |    40 ||   116
       Punch             |     1 |     1 ||     2
Invok: Curse Item        |     1 |       ||     1
  Use: Scroll            |     1 |       ||     1
       Potion            |       |     1 ||     1
 Stab: Sleeping          |     5 |     7 ||    12
Armor: Leather armour    |    22 |    11 ||    33
Dodge: Dodged            |    41 |    20 ||    61

Table legend: (Time is in decaauts)
 A = Elapsed time spent in this place.
 B = Non-inter-level travel time spent in this place.
 C = Inter-level travel time spent in this place.
 D = Time resting spent in this place.
 E = Time spent auto-exploring this place.
 F = Levels seen in this place.
 G = Mean time per level.
                   A        B        C        D        E       F      G
               +--------+--------+--------+--------+--------+-----+--------+
         Total |   1532 |   1412 |    120 |    149 |    873 |   5 |  306.4 |
       Dungeon |   1532 |   1412 |    120 |    149 |    873 |   5 |  306.4 |
               +--------+--------+--------+--------+--------+-----+--------+

Top non-repeatable levels by time:
     D:1: 959 daAuts
     D:5: 252 daAuts
     D:2: 225 daAuts
     D:3: 89 daAuts
     D:4: 4 daAuts
